 Dungeon Crawl Stone Soup version 0.22-a0-348-gd16d1391c7 (webtiles) character file.

123 brujo666 the Slasher (level 5, 0/42 HPs)
             Began as a Human Berserker on Apr 11, 2018.
             Was a Believer of Trog.
             Slain by a worm (6 damage)
             ... on level 3 of the Dungeon.
             The game lasted 00:04:29 (1723 turns).

brujo666 the Slasher (Human Berserker)              Turns: 1723, Time: 00:04:30

Health: 0/42       AC:  5    Str: 19    XL:     5   Next: 29%
Magic:  5/5        EV:  9    Int:  7    God:    Trog [**....]
Gold:   164        SH:  8    Dex: 12    Spells: 4/4 levels left

rFire    . . .     SeeInvis .   a - +0 falchion
rCold    . . .     Gourm    .   m - +0 shield
rNeg     . . .     Faith    .   f - +0 ring mail
rPois    .         Spirit   .   (no helmet)
rElec    .         Reflect  .   (no cloak)
rCorr    .         Harm     .   (no gloves)
MR       .....                  (no boots)
Stlth    +.........             (no amulet)
HPRegen  0.14/turn              (no ring)
MPRegen  0.09/turn              (no ring)

@: no status effects
A: no striking features
a: Berserk, Trog's Hand, Renounce Religion


You were on level 3 of the Dungeon.
You worshipped Trog.
Trog was pleased with you.
You were not hungry.

You visited 1 branch of the dungeon, and saw 3 of its levels.

You collected 164 gold pieces.

Inventory:

Hand Weapons
 a - a +0 falchion (weapon)
 n - a +0 hunting sling
Missiles
 g - 13 bolts
Armour
 b - a +0 animal skin
 f - a +0 ring mail (worn)
 m - a +0 shield (worn)
Scrolls
 d - a scroll of immolation
 h - a scroll of identify {unknown}
 k - a scroll of amnesia {unknown}
 o - a scroll of teleportation
 p - a scroll of remove curse {unknown}
Potions
 e - 3 potions of haste
 i - a potion of resistance {unknown}
 j - 2 potions of might {unknown}
 l - a potion of curing {unknown}
 q - a potion of lignification {unknown}
 r - a potion of degeneration {unknown}
 s - a potion of cancellation {unknown}
Comestibles
 c - 5 rations


   Skills:
 + Level 3.7 Fighting
 * Level 4.3 Long Blades
 - Level 2.3 Armour
 - Level 2.3 Dodging
 + Level 1.5 Shields


You had 4 spell levels left.
You didn't know any spells.

Dungeon Overview and Level Annotations

Branches:
Dungeon (3/15)

Altars:
Trog


Message History

You hit the worm but do no damage.
The worm is lightly wounded.
You block the worm's attack.
You hit the worm but do no damage. You hit the worm.
The worm is moderately wounded.
The worm bites you.
You completely miss the worm.
The worm is moderately wounded.
You block the worm's attack.
You hit the worm.
The worm is moderately wounded.
You hit the worm.
The worm is moderately wounded.
The worm bites you!
* * * LOW HITPOINT WARNING * * *
You hit the worm.
The worm is heavily wounded.
The worm bites you.
You die...

.w###...####.#
#..#
_r#y#...'r.#.#
#..#
..###...##...####
#..#
...#....####....#
#... ........#
####.# #.#
)......## #.#
##....# #.# #####
#w# #@# #.# #.#
#.# #.# #.# #.#
.#. # .


You could see a worm.

Vanquished Creatures
  3 adders
  3 gnolls (D:3)
  An ooze (D:1)
  2 dart slugs
  A leopard gecko (D:2)
  A giant cockroach (D:1)
  10 hobgoblins
  10 jackals
  7 bats
  5 frilled lizards
  3 goblins (D:1)
  6 kobolds
  4 rats
56 creatures vanquished.

Notes
Turn   | Place    | Note
-------+----------+-------------------------------------------
     0 | D:1      | brujo666 the Human Berserker began the quest for the Orb.
     0 | D:1      | Reached XP level 1. HP: 18/18 MP: 1/1
     2 | D:1      | Noticed a human
     2 | D:1      | Noticed a demigod
     4 | D:1      | Noticed a vampire
     4 | D:1      | Noticed a troll
     6 | D:1      | Noticed a felid
     8 | D:1      | Noticed a merfolk
     8 | D:1      | Noticed a ghoul
    10 | D:1      | Noticed a minotaur
    10 | D:1      | Noticed a draconian
    12 | D:1      | Noticed an ogre
    15 | D:1      | Noticed a tengu
    15 | D:1      | Noticed a centaur
    17 | D:1      | Noticed a halfling
    19 | D:1      | Noticed a formicid
    21 | D:1      | Noticed a dwarf
    21 | D:1      | Noticed a vine stalker
    23 | D:1      | Noticed a naga
    23 | D:1      | Noticed a spriggan
    25 | D:1      | Noticed a gargoyle
    25 | D:1      | Noticed an elf
    27 | D:1      | Noticed an octopode
    27 | D:1      | Noticed a demonspawn
    56 | D:1      | Reached XP level 2. HP: 16/24 MP: 2/2
   176 | D:1      | Reached XP level 3. HP: 19/29 MP: 3/3
   419 | D:1      | Reached ** piety under Trog
   886 | D:2      | Reached XP level 4. HP: 23/35 MP: 4/4
   985 | D:2      | Found a faded altar of an unknown god.
  1220 | D:2      | Reached skill level 4 in Long Blades
  1220 | D:2      | Reached skill level 1 in Shields
  1659 | D:3      | Reached XP level 5. HP: 21/41 MP: 5/5
  1685 | D:3      | Noticed a moth of wrath
  1687 | D:3      | Found a bloodstained altar of Trog.
  1723 | D:3      | Slain by a worm

Vault maps used:
D:1:      kb_arrival_jail, minmay_hexomino_c4
D:2:      chequers_ecumenical_altar_simple_redux
D:3:      tgw_trog, first_ration

Skill      XL: |  1  2  3  4 |
---------------+-------------+-----
Long Blades    | 4 |  4.3
Shields        | 1 |  1.5
Fighting       | |  3.7
Armour         | |  2.3
Dodging        | |  2.3

Action                   |  1- 3 |  4- 6 || total
-------------------------+-------+-------++-------
Melee: Falchion          |   122 |   118 ||   240
  Use: Scroll            |       |     2 ||     2
       Potion            |       |     1 ||     1
  Eat: Chunk             |       |     3 ||     3
Armor: Animal skin       |     3 |       ||     3
       Ring mail         |    53 |    38 ||    91
Dodge: Dodged            |    62 |    38 ||   100
Block: Shield            |    44 |    38 ||    82
       Rpst.: Falchion   |    18 |    13 ||    31

Table legend:
 A = Spawn XP
 B = Non-spawn XP
 C = Spawn XP percentage of total XP
 D = Spawn monster count
 E = Non-spawn monster count
 F = Spawn count percentage of total count
 G = Total turns spent on level
                    A         B        C        D         E        F      G
               +---------+---------+-------+---------+---------+-------+---------
         Total |       0 |     177 |   0.0 |       0 |      56 |   0.0 |  1723
               +---------+---------+-------+---------+---------+-------+---------
           D:1 |       0 |      52 |   0.0 |       0 |      29 |   0.0 |   685
           D:2 |       0 |      66 |   0.0 |       0 |      21 |   0.0 |   953
           D:3 |       0 |      59 |   0.0 |       0 |       6 |   0.0 |    85
               +---------+---------+-------+---------+---------+-------+---------
